 Dungeon Crawl Stone Soup version 0.31-a0-1570-g93c622d (webtiles) character file.

Game seed: 15344090016652703523

14019007 sdynet the Invulnerable (level 27, 273/273 HPs)
             Began as an Armataur Fighter on Jan 2, 2024.
             Was a High Priest of Wu Jian.
             Escaped with the Orb
             ... and 10 runes
             ... and 7 gems on Jan 3, 2024!
             The game lasted 06:58:24 (51488 turns).

sdynet the Invulnerable (Armataur Fighter)         Turns: 51488, Time: 06:58:24

Health: 273/273    AC: 52    Str: 19    XL:     27
Magic:  49/49      EV: 10    Int: 16    God:    Wu Jian [*****.]
Gold:   4983       SH:  0    Dex: 19    Spells: 22/50 levels left

rFire   + + +        a - +6 sword of Cerebov {flame}
rCold   + + .        (shield currently unavailable)
rNeg    + + .        r - +10 shadow dragon scales of Kuapnisong {rPois rC+ Str-5 Stlth++++}
rPois   +            q - +3 hat of Pondering {ponderous, Will+ MP+10 Int+5}
rElec   +            i - +2 cloak of the Thief {*Fog Slay-2 SInv Stlth+}
rCorr   .            s - +0 pair of gloves of Ypoliekh {rElec rC+}
SInv    +            h - +2 barding of Qustef {^Drain rF+ rC+}
Will    ++++.        J - amulet of guardian spirit
Stlth   ++           L - ring of Kakad {rPois rN+ Stlth+}
HPRegen 0.65/turn    E - ring of Mozihur {rF+ rN+}
MPRegen 0.31/turn

%: guardian spirit, roll
@: studying 2 skills, slow
A: large, deformed body, tough skin 3, armoured tail, roll 2, claws 1, fire
resistance 1, strong-willed 1, screaming 1, evolution 1, cold vulnerability 1
0: Orb of Zot
}: 10/15 runes: decaying, serpentine, slimy, silver, abyssal, demonic, glowing,
magical, fiery, dark
a: Renounce Religion, Wall Jump, Serpent's Lash, Heavenly Storm


You escaped.
You worshipped Wu Jian.
Wu Jian was extremely pleased with you.
You visited 12 branches of the dungeon, and saw 56 of its levels.
You visited Pandemonium 2 times, and saw 18 of its levels.
You visited the Abyss 2 times.
You visited 2 bazaars.
You also visited: Bailey, Ice Cave and Desolation.

You collected 10329 gold pieces.
You spent 5346 gold pieces at shops.

Inventory:

Hand Weapons
 a - the +6 sword of Cerebov (weapon) {flame}
   (You took it off Cerebov in Pandemonium)
 b - a +9 eudemon blade of holy wrath {!d}
 c - the +9 triple sword of the Spectre {freeze, ^Contam Dex+5, !d}
   (You acquired it in a bazaar)

   Dex+5:     It affects your dexterity (+5).
   ^Contam:   It causes magical contamination when unequipped.
Missiles
 k - 8 darts of dispersal
 Y - 18 curare-tipped darts
Armour
 h - the +2 barding of Qustef (worn) {^Drain rF+ rC+}
   (You acquired it in Pandemonium)

   rF+:       It protects you from fire.
   rC+:       It protects you from cold.
   ^Drain:    It drains your maximum health when unequipped.
 i - the +2 cloak of the Thief (worn) {*Fog Slay-2 SInv Stlth+}
   (You bought it in a shop in a bazaar)

   *Fog:      It may release a thick cloud of smoke when the wearer is hurt.
   Slay-2:    It affects your accuracy & damage with ranged weapons and melee
   (-2).
   SInv:      It lets you see invisible.
   Stlth+:    It makes you more stealthy.
 o - the orb of Rakuufob {mayhem, rCorr}
   (You found it on level 4 of the Lair of Beasts)

   rCorr:     It protects you from acid and corrosion.
 q - the +3 hat of Pondering (worn) {ponderous, Will+ MP+10 Int+5}
   (You acquired it in Pandemonium)

   Int+5:     It affects your intelligence (+5).
   Will+:     It increases your willpower.
   MP+10:     It affects your magic capacity (+10).
 r - the +10 shadow dragon scales of Kuapnisong (worn) {rPois rC+ Str-5 Stlth++++}
   (You found it on level 2 of the Depths)

   Str-5:     It affects your strength (-5).
   rC+:       It protects you from cold.
   rPois:     It protects you from poison Stlth++++: It makes you much more
   stealthy.
 s - the +0 pair of gloves of Ypoliekh (worn) {rElec rC+}
   (You bought it in a shop on level 2 of the Vaults)

   rC+:       It protects you from cold.
   rElec:     It insulates you from electricity.
 C - the +1 faerie dragon scales {rPois rF+++ rCorr Int-3 Slay+3}
   (You took it off the Enchantress on level 1 of the Depths)

   Int-3:     It affects your intelligence (-3).
   Slay+3:    It affects your accuracy & damage with ranged weapons and melee
   (+3).
   rF+++:     It renders you almost immune to fire.
   rPois:     It protects you from poison rCorr: It protects you from acid and
   corrosion.
Jewellery
 d - the ring "Kouloan" {rElec Will+ MP+9 Stlth-}
   (You bought it in a shop in a bazaar)

   [ring of magical power]

   rElec:     It insulates you from electricity.
   Will+:     It increases your willpower.
   MP+9:      It affects your magic capacity (+9).
   Stlth-:    It makes you less stealthy.
 l - the ring of Shadows {Umbra +Inv Stlth+}
   (You found it on level 2 of the Depths)

   [ring of stealth]

   Umbra:     It surrounds you with an aura of shadow, increasing your stealth
   and reducing the accuracy of all others within it.
   +Inv:      It lets you turn invisible.
   Stlth+:    It makes you more stealthy.
 p - the ring "Ritoacat" {^Drain rF+ rC- rN+++ Int+2 SInv}
   (You found it on level 5 of the Vaults)

   [ring of protection from fire]

   Int+2:     It affects your intelligence (+2).
   rF+:       It protects you from fire.
   rC-:       It makes you vulnerable to cold.
   rN+++:     It renders you almost immune to negative energy.
   SInv:      It lets you see invisible.
   ^Drain:    It drains your maximum health when unequipped.
 x - a ring of willpower
 E - the ring of Mozihur (right hand) {rF+ rN+}
   (You acquired it in Pandemonium)

   [ring of positive energy]

   rF+:       It protects you from fire.
   rN+:       It protects you from negative energy.
 J - an amulet of guardian spirit (around neck)
 L - the ring of Kakad (left hand) {rPois rN+ Stlth+}
   (You found it in Pandemonium)

   [ring of positive energy]

   rPois:     It protects you from poison rN+: It protects you from negative
   energy.
   Stlth+:    It makes you more stealthy.
 M - the ring "Vupustron" {rPois Will++ MP+9 Int-4 Slay+3}
   (You found it in Pandemonium)

   [ring of magical power]

   Int-4:     It affects your intelligence (-4).
   Slay+3:    It affects your accuracy & damage with ranged weapons and melee
   (+3).
   rPois:     It protects you from poison Will++: It greatly increases your
   willpower.
   MP+9:      It affects your magic capacity (+9).
Wands
 m - a wand of quicksilver (30)
 N - a wand of iceblast (56)
 Q - a wand of digging (2)
Scrolls
 f - 10 scrolls of immolation
 g - 2 scrolls of butterflies
 j - 8 scrolls of fog {!r}
 n - 3 scrolls of silence {!r}
 v - 13 scrolls of blinking
 y - 14 scrolls of teleportation {!r}
 A - a scroll of revelation {!r}
 B - 7 scrolls of poison
 K - 8 scrolls of fear {!r}
Potions
 t - 7 potions of invisibility {!q}
 u - 16 potions of curing {!q}
 w - 2 potions of ambrosia {!q}
 z - 9 potions of heal wounds {!q}
 D - a potion of haste {!q}
 F - 5 potions of mutation
 G - 7 potions of cancellation {!q}
 H - a potion of might {!q}
 I - 5 potions of enlightenment {!q!q}
 S - 6 potions of attraction
 V - 5 potions of berserk rage {!q}
 W - 2 potions of resistance {!q}
Miscellaneous
 e - a box of beasts
 O - a lightning rod (4/4)
 P - a phial of floods
 X - a phantom mirror (inert)
 Z - a tin of tremorstones (2/2)


   Skills:
 O Level 27 Fighting
 - Level 25.0 Long Blades
 O Level 27 Armour
 - Level 10.5 Dodging
 - Level 6.1 Stealth
 - Level 3.2 Shields
 - Level 2.0 Unarmed Combat
 - Level 12.0 Spellcasting
 + Level 12.8 Hexes
 - Level 12.0 Necromancy
 - Level 8.0 Translocations
 + Level 7.7 Earth Magic
 + Level 12.8 Alchemy
 - Level 6.0 Evocations


You had 22 spell levels left.
You knew the following spells:

 Your Spells              Type           Power      Damage    Failure   Level
a - Fugue of the Fallen   Necr           48%        N/A       1%          3
b - Lesser Beckoning      Tloc           70%        N/A       1%          2
c - Manifold Assault      Tloc           35%        N/A       8%          4
d - Yara's Violent Unrav  Hex/Alch       25%        3d11      3%          5
e - Leda's Liquefaction   Alch/Erth      21%        N/A       3%          4
f - Animate Dead          Necr           48%        N/A       1%          4
q - Blink                 Tloc           70%        N/A       1%          2
A - Apportation           Tloc           70%        N/A       1%          1
P - Passwall              Erth           34%        N/A       2%          3

Your spell library contained the following spells:

 Spells                   Type           Power      Damage    Failure   Level
 Necrotise                Necr           100%       1d9       1%          1
 Sandblast                Erth           68%        2d15      1%          1
 Sting                    Conj/Alch      100%       1d9       1%          1
 Cigotuvi's Dreadful Rot  Necr/Alch/Air  72%        N/A       1%          2
 Jinxbite                 Hex            100%       N/A       1%          2
 Sublimation of Blood     Necr           48%        N/A       1%          2
 Confusing Touch          Hex            50%        N/A       1%          3
 Tukima's Dance           Hex            50%        N/A       1%          3
 Anguish                  Hex/Necr       24%        N/A       1%          4
 Cause Fear               Hex            25%        N/A       1%          4
 Ensorcelled Hibernation  Hex/Ice        60%        N/A       2%          2
 Gell's Gravitas          Tloc           35%        N/A       2%          3
 Teleport Other           Tloc           35%        N/A       2%          3
 Dimensional Bullseye     Hex/Tloc       21%        N/A       2%          4
 Petrify                  Alch/Erth      42%        N/A       3%          4
 Dazzling Flash           Conj/Hex       60%        N/A       4%          3
 Inner Flame              Hex/Fire       30%        N/A       4%          3
 Curse of Agony           Necr           48%        N/A       4%          5
 Momentum Strike          Conj/Tloc      44%        3d9       6%          2
 Borgnjor's Vile Clutch   Necr/Erth      20%        N/A       10%         5
 Mephitic Cloud           Conj/Alch/Air  23%        N/A       11%         3
 Volatile Blastmotes      Fire/Tloc      44%        2d13      12%         3
 Stone Arrow              Conj/Erth      42%        3d9       13%         3
 Fulminant Prism          Conj/Alch      15%        3d11      14%         4
 Ignite Poison            Fire/Alch      30%        N/A       14%         4
 Sticky Flame             Fire/Alch      30%        2d7       14%         4
 Eringya's Noxious Bog    Alch           25%        4d6       16%         6
 Foxfire                  Conj/Fire      36%        2x1d5     21%         1
 Freeze                   Ice            36%        1d5       21%         1
 Magic Dart               Conj           36%        1d4       21%         1
 Shock                    Conj/Air       36%        1d5       21%         1
 Summon Small Mammal      Summ           36%        N/A       21%         1
 Death Channel            Necr           24%        N/A       22%         6
 Lee's Rapid Deconstruct  Erth           17%        3d10*     24%         5
 Call Imp                 Summ           18%        N/A       30%         2
 Searing Ray              Conj           18%        2d5       30%         2
 Static Discharge         Conj/Air       18%        3-4/arc   30%         2
 Iskenderun's Mystic Bla  Conj/Tloc      22%        2d6       36%         4
 Vhi's Electric Charge    Tloc/Air       44%        N/A       36%         4
 Animate Armour           Summ/Erth      42%        N/A       38%         4
 Brom's Barrelling Bould  Conj/Erth      21%        2d4       38%         4
 Irradiate                Conj/Alch      15%        3d16      38%         5
 Metabolic Englaciation   Hex/Ice        15%        N/A       38%         5
 Silence                  Hex/Air        15%        N/A       38%         5
 Call Canine Familiar     Summ           9%         N/A       52%         3
 Summon Ice Beast         Ice/Summ       9%         N/A       52%         3
 Swiftness                Air            9%         N/A       52%         3
 Summon Forest            Summ/Tloc      11%        N/A       73%         5
 Dispersal                Tloc           17%        N/A       75%         6
 Airstrike                Air            4%         2d(1-17)  90%         4
 Flame Wave               Conj/Fire      9%         2d6       90%         4
 Summon Blazeheart Golem  Fire/Summ      9%         N/A       90%         4
 Summon Lightning Spire   Summ/Air       9%         N/A       90%         4
 Sculpt Simulacrum        Ice/Alch       15%        N/A       92%         6
 Arcjolt                  Conj/Air       4%         1d14      99%         5
 Fireball                 Conj/Fire      4%         3d4       99%         5
 Freezing Cloud           Conj/Ice/Air   4%         6-21      99%         5
 Iskenderun's Battlesphe  Conj           9%         2d6       99%         5
 Bombard                  Conj/Erth      10%        9d3       100%        6
 Conjure Ball Lightning   Conj/Air       4%         3x3d6     100%        6
 Plasma Beam              Fire/Air       4%         2x1d14    100%        6
 Starburst                Conj/Fire      4%         6d4       100%        6
 Haunt                    Necr/Summ      14%        N/A       100%        7
 Malign Gateway           Summ/Tloc      11%        N/A       100%        7
 Orb of Destruction       Conj           4%         9d5       100%        7
 Ozocubu's Refrigeration  Ice            4%         4d8       100%        7
 Spellforged Servitor     Conj/Summ      4%         N/A       100%        7
 Summon Hydra             Summ           4%         N/A       100%        7
 Borgnjor's Revivificati  Necr           24%        N/A       100%        8
 Discord                  Hex            25%        N/A       100%        8
 Disjunction              Tloc           17%        N/A       100%        8
 Ignition                 Fire           4%         3d4       100%        8
 Lehudib's Crystal Spear  Conj/Erth      10%        10d4      100%        8
 Maxwell's Capacitive Co  Air            4%         ∞         100%        8
 Summon Horrible Things   Summ           4%         N/A       100%        8
 Chain Lightning          Conj/Air       4%         3d6       100%        9
 Death's Door             Necr           24%        N/A       100%        9
 Dragon's Call            Summ           4%         N/A       100%        9
 Polar Vortex             Ice            4%         N/A       100%        9


Dungeon Overview and Level Annotations

Branches:
Dungeon (15/15)            Temple (1/1) D:5            Lair (5/5) D:10
  Swamp (4/4) Lair:2        Snake (4/4) Lair:3        Slime (5/5) Lair:5
    Orc (2/2) D:11            Elf (3/3) Orc:2        Vaults (5/5) D:13
  Crypt (3/3) Vaults:2       Tomb (0/3) Crypt:3      Depths (4/4) D:15
    Zot (5/5) Depths:4     Bailey (visited)           IceCv (visited)
Desolation (visited)

Altars:
Ashenzari
Cheibriados
Dithmenos
Elyvilon
Fedhas
Gozag
Hepliaklqana
Kikubaaqudgha
Makhleb
Nemelex Xobeh
Okawaru
Qazlal
Ru
Sif Muna
Trog
Uskayaw
Vehumet
Wu Jian
Xom
Yredelemnul
Zin
The Shining One
Jiyva
Lugonu

Shops:
D:7 ?[   Orc:2 [(!?(   Snake:3 [   Snake:4 =   Vaults:1 =   Vaults:2 [:
Depths:1 *   Depths:3 (:=:

Portals:
Hell: Depths:1 Depths:2 Depths:3 Depths:4
Abyss: Lair:5 Depths:3
Pandemonium: Depths:2 Depths:3
Ziggurat: Depths:3

Annotations:
Zot:4 1 transporter


Innate Abilities, Weirdness & Mutations

Armour fits poorly on your strangely shaped body.
You have extremely tough skin. (AC +3)
You have a long armoured tail.
You regenerate magic and health when rolling toward enemies. (Rampage Regen)
You have sharp fingernails.
Your flesh is heat resistant. (rF+)
You are strong-willed. (Will+)
You occasionally shout uncontrollably at your foes.
You have hidden genetic potential.
You are vulnerable to cold. (rC-)


Message History

Here: a blizzard demon The floor.
You roll towards the blizzard demon!
You lunge at the blizzard demon.
You barely miss the blizzard demon.
Your tail-slap misses the blizzard demon.
The blizzard demon closely misses you.
The blizzard demon hits you but does no damage.
You barely miss the blizzard demon. The blizzard demon gestures at you.
The bolt of lightning hits you. You resist. The bolt of lightning hits you.
You resist.
You slash the blizzard demon! You burn the blizzard demon!
The sword of Cerebov burns away the blizzard demon's fire resistance.
The blizzard demon is moderately wounded.
You chop the blizzard demon into pieces!!!
You burn the blizzard demon.
You kill the blizzard demon!
The Council accepts your kill.
There is a stone staircase leading up here.
You climb upwards.
There is a stone staircase leading down here.
As you open the door, it creaks loudly!
There is an open door here.
There is an open door here.
A toenail golem comes into view.
You roll towards the toenail golem!
You lunge at the toenail golem.
You slice the toenail golem!! You burn the toenail golem.
The sword of Cerebov burns away the toenail golem's fire resistance.
The toenail golem is moderately damaged.
The toenail golem hits you but does no damage.
You slice the toenail golem!! You burn the toenail golem.
The toenail golem is severely damaged.
The toenail golem hits you but does no damage.
You slice the toenail golem!! You burn the toenail golem.
You destroy the toenail golem!
The Council accepts your kill.
You enter the shallow water.
There is a staircase leading out of the dungeon here.
Unknown command.
You have escaped!

############............# #.....
.................#####.#######.##
#.........######.#####.........#
+.........#≈≈≈≈♣~♣≈≈≈##.######.#
#.........#≈..P...P.≈##.# #.#
#.........#≈.PPP.PPP≈##.# #.#
#.........#≈..P...P.≈##.# #.#
#.........#♣♣.......♣#..# #.#
#.........'.....@...~..## #.#
..........#♣♣.......♣### #.#
#.#####'###≈..♣...P.≈# #.#
........# #≈.♣♣♣.PP.≈# #.#
#.......# #≈..♣...P.≈# #.##
#.......###≈≈≈≈♣~♣≈≈≈# #.#.
#........#######.####### #...
#......................# #.##
#.......##############.# #...


There were no monsters in sight!

Vanquished Creatures
  Cerebov (Pan)
  the Royal Jelly (Slime:5)
  Gloorx Vloq (Pan)
  Mnoleg (Pan)
  2 seraphim
  Lom Lobon (Pan)
  Frederick (Depths:4)
  5 dread liches
  7 ancient liches
  2 orbs of fire (Zot:5)
  Mennas (Pan)
  Mara (Depths:1)
  Xtahua (Vaults:5)
  5 pandemonium lords
  The ghost of Viwk the Shatterer, a veteran AtGl of Okawaru (Vaults:4)
  Boris (Depths:1)
  A shard shrike (IceCv)
  Josephina (Depths:2)
  Vv (Depths:2)
  2 Killer Klowns (Zot:5)
  The ghost of Hali the Executioner, a veteran FoFi of Dithmenos (Crypt:1)
  Saint Roka (Depths:1)
  4 curse toes
  A golden dragon (Zot:5)
  Nikola (Vaults:1)
  3 bone dragons
  the Enchantress (Depths:1)
  Jory (Crypt:3)
  A pearl dragon (Pan)
  Norris (Depths:3)
  3 Tzitzimimeh
  2 hellephants (Abyss:5)
  4 Brimstone Fiends (Pan)
  2 shard shrike zombies (Crypt:3)
  15 tentacled monstrosities
  An electric golem (Zot:5)
  28 Orb Guardians
  Zenata (Elf:1)
  5 liches
  5 Ice Fiends
  3 Hell Sentinels
  Mlioglotl (Swamp:4)
  2 walking earthen tomes
  4 quicksilver dragons
  8 titans
  2 deep elf master archers (Elf:3)
  7 sphinxes
  25 acid blobs
  The ghost of squeakweiz the Severer, an adept MiFi of Gozag (Depths:2)
  3 deep elf blademasters
  An ancient champion (Crypt:1)
  7 death cobs
  A tentacled starspawn (Abyss:5)
  14 Executioners
  11 tengu reavers
  A thorn hunter (Swamp:4)
  Donald (Swamp:3)
  12 shadow dragons
  6 nagarajas
  6 storm dragons
  3 fenstrider witches
  Aizul (Elf:2)
  11 rockslimes
  10 azure jellies
  14 daevas (Pan)
  9 protean progenitors
  2 revenants
  3 draconian knights (Zot:5)
  5 frost giants
  2 iron dragons (Depths:4)
  3 draconian shifters
  7 demonspawn warmongers (Pan)
  4 draconian monks
  5 fire giants
  12 vault wardens
  2 deep elf sorcerers
  15 balrugs
  7 draconian scorchers
  4 orc warlords
  2 imperial myrmidons (Desolation)
  4 deep elf elementalists (Elf:3)
  29 angels (Pan)
  2 draconian stormcallers
  5 spriggan defenders
  2 formless jellyfish
  6 curse skulls
  24 very ugly things
  4 demonspawn blood saints (Pan)
  6 quicksilver oozes
  3 demonspawn corrupters (Pan)
  15 cacodemons (Pan)
  7 draconian annihilators
  17 ironbound preservers
  8 ghouls
  18 stone giants
  2 caustic shrike skeletons (Pan)
  10 reapers
  7 ironbound thunderhulks
  6 deep elf demonologists
  14 ophanim (Pan)
  23 vampire knights
  9 lorocyprocas
  5 deep elf death magi
  19 apis (Pan)
  4 bunyips
  7 black draconians
  5 deep elf annihilators (Elf:3)
  3 eleionomae
  4 green draconians
  11 purple draconians
  7 white draconians
  A halazid warlock (Desolation)
  2 demonspawn black suns (Zot:2)
  3 dire elephants (Abyss:5)
  5 yellow draconians
  4 war gargoyles
  12 red draconians
  6 eidola
  5 spark wasps
  4 crystal guardians
  12 blizzard demons
  9 ettins
  2 entropy weavers
  12 green deaths
  A merfolk javelineer (Crypt:1)
  4 deep elf high priests
  8 fire dragons
  6 ragged hierophants (Desolation)
  A merfolk impaler (Depths:3)
  4 ice dragons
  5 jiangshi
  11 peacekeepers
  11 great orbs of eyes
  12 yaktaur captains
  A quicksilver dragon skeleton (Crypt:3)
  3 shambling mangroves
  Harold (Lair:1)
  12 rakshasas
  7 spriggan air magi
  3 hell beasts
  2 juggernaut simulacra
  16 hydras
  5 servants of whispers (Desolation)
  11 ironbound frosthearts
  28 vault guards
  11 centaur warriors
  A fenstrider witch skeleton (Crypt:2)
  A salamander tyrant (Snake:3)
  4 boulder beetles
  3 catoblepae
  2 satyrs (Zot:5)
  A boulder beetle (shapeshifter) (D:15)
  11 dancing weapons
  15 alligators
  18 anacondas
  3 death knights
  2 ogre magi
  9 two-headed ogres
  10 vampire magi
  14 deep troll shamans
  A tengu warrior (Depths:1)
  14 naga warriors
  A demonic crawler (D:8)
  13 deep troll earth magi
  2 orc high priests
  15 naga sharpshooters
  9 shock serpents
  47 sun demons
  4 spriggan berserkers
  9 thrashing horrors
  13 soul eaters
  10 iron trolls
  A fire crab (shapeshifter) (D:14)
  9 deep elf knights
  22 sixfirhies
  A hellephant skeleton (Pan)
  9 hell knights
  6 shadow wraiths
  4 fire crabs
  6 skysharks
  A skyshark (shapeshifter) (Vaults:5)
  5 wretched stars (Abyss:5)
  2 salamander mystics
  A death drake (shapeshifter) (Vaults:1)
  22 cherubim
  An orb spider (Zot:5)
  39 skeletal warriors
  8 mana vipers
  13 shadow demons
  6 spriggan druids
  10 swamp dragons
  A bunyip zombie (Crypt:3)
  63 deep trolls
  4 goliath frogs
  8 flayed ghosts
  8 arcanists
  6 sun moths (Pan)
  A bunyip skeleton (Crypt:2)
  A mana viper (shapeshifter) (Vaults:5)
  A spatial maelstrom (Abyss:5)
  A bog body (Lair:2)
  9 naga ritualists
  3 starcursed masses (Abyss:5)
  An orange crystal statue (IceCv)
  2 lindwurms (shapeshifter) (D:15)
  5 necromancers
  15 orc knights
  17 ironbound convokers
  19 deep elf zephyrmancers
  22 phantasmal warriors
  17 deep elf archers
  5 glowing orange brains
  2 steelbarb worms (Pan)
  An obsidian statue (Depths:4)
  5 lindwurms
  An anaconda skeleton (Crypt:3)
  7 cyclopes
  53 ugly things
  An oklob plant (Lair:2)
  A wolf spider (D:14)
  A harpy (shapeshifter) (Lair:5)
  A golden dragon skeleton (Crypt:2)
  24 deep elf pyromancers
  10 orc sorcerers
  3 will-o-the-wisps
  3 manticores
  A human zombie (Vaults:2)
  17 salamanders
  6 shining eyes
  2 centaur zombies (Crypt:2)
  16 large abominations
  20 moths of wrath
  Joseph (Lair:1)
  7 eyes of devastation
  A meliai (shapeshifter) (Lair:5)
  An elephant (Lair:2)
  A black mamba (shapeshifter) (D:13)
  3 toenail golems
  4 kobold blastminers
  A formless jellyfish zombie (Crypt:3)
  22 smoke demons
  A torpor snail (Lair:3)
  25 vault sentinels
  A water nymph (shapeshifter) (Vaults:5)
  An ice statue (Lair:4)
  8 naga magi
  2 naga zombies
  35 black mambas
  15 guardian serpents
  A dire elephant zombie (Crypt:2)
  5 rust devils
  11 orange demons
  Maggie (Lair:1)
  2 gargoyles (D:15)
  2 molten gargoyles
  An alligator snapping turtle zombie (Crypt:3)
  7 cane toads
  24 rime drakes
  An unseen horror (D:11)
  3 hellions (Pan)
  13 komodo dragons
  5 tormentors
  A yaktaur skeleton (Vaults:2)
  8 efreet
  5 freezing wraiths
  17 yaktaurs
  3 ice devils
  A golden dragon simulacrum (Depths:2)
  3 ancient zymes
  5 red devils
  A death drake zombie (Crypt:3)
  A pale draconian skeleton (Crypt:3)
  12 trolls
  A harpy zombie (Crypt:3)
  17 hornets
  A tengu conjurer (D:14)
  A wind drake (shapeshifter) (D:15)
  A bloated husk (Swamp:2)
  18 polar bears
  3 queen bees
  13 hellwings
  Prince Ribbit (D:8)
  7 raiju
  A snapping turtle (shapeshifter) (Vaults:5)
  10 tyrant leeches
  54 saltlings (Desolation)
  A wind drake (D:15)
  A glass eye (shapeshifter) (D:13)
  A raiju (shapeshifter) (D:15)
  A harpy skeleton (Crypt:2)
  37 blink frogs
  2 ettin zombies (Crypt:3)
  A frost giant simulacrum (Depths:2)
  3 glass eyes
  A fire giant simulacrum (Depths:2)
  A centaur simulacrum (Crypt:2)
  An ettin skeleton (Crypt:3)
  A vampire (D:12)
  2 shadows (D:10)
  141 slime creatures
  Sigmund (D:5)
  12 wyverns
  67 yaks
  17 basilisks
  A spriggan (shapeshifter) (Lair:5)
  22 spriggans
  4 water elementals
  15 wraiths
  A wind drake zombie (Crypt:1)
  2 air elementals
  13 ynoxinuls
  2 humans (shapeshifter)
  4 fire bats (Depths:1)
  8 wargs
  A redback (shapeshifter) (Vaults:2)
  A black mamba skeleton (Crypt:1)
  2 fire elementals
  6 golden eyes
  14 neqoxecs
  4 steam dragons
  A steam dragon (shapeshifter) (D:15)
  6 vampire mosquitoes
  6 spatial vortices (Abyss:5)
  10 chaos spawn
  10 swamp worms
  The ghost of ironshield the Caller, an amateur DsSu of Kikubaaqudgha (D:4)
  2 fire bat zombies
  2 harpy simulacra
  2 swamp worms (shapeshifter)
  An acid dragon (D:10)
  50 nagas
  A glowing shapeshifter skeleton (Crypt:3)
  An ogre zombie (Vaults:2)
  24 water moccasins
  2 hell hounds (Pan)
  4 swamp drakes (Swamp:4)
  29 orc warriors
  7 ice beasts
  3 black bears
  3 meliai simulacra (D:15)
  23 laughing skulls
  7 ogres
  19 wolves
  A blink frog skeleton (Crypt:1)
  A crocodile (shapeshifter) (Lair:5)
  A boggart (D:15)
  9 centaurs
  A lindwurm skeleton (Crypt:1)
  A phantom (D:6)
  A rime drake zombie (Crypt:2)
  3 kobold brigands
  A rime drake skeleton (Crypt:2)
  2 earth elementals (Elf:1)
  6 brain worms (Pan)
  8 necrophages (Crypt:2)
  11 bullfrogs
  3 scorpions
  8 small abominations
  A wight (D:8)
  31 killer bees
  A yak skeleton (Crypt:1)
  2 electric eels (Lair:5)
  4 howler monkeys
  5 crimson imps
  A wolf skeleton (Crypt:1)
  3 hounds
  9 orc priests
  3 bombardier beetles
  6 jellies
  A sleepcap (D:6)
  4 iguanas
  Natasha (thrice) (D:2)
  24 orc wizards
  A boggart zombie (Crypt:1)
  4 gnolls (D:4)
  A howler monkey skeleton (Crypt:3)
  2 swamp drake zombies (Crypt:3)
  7 adders
  A river rat (D:7)
  A shadow imp (D:7)
  6 white imps
  2 dart slugs
  3 ribbon worms
  84 orcs
  8 ball pythons
  A bat zombie (Crypt:2)
  8 endoplasms
  3 giant cockroaches
  14 goblins
  9 hobgoblins
  4 jackals (D:1)
  24 kobolds
  9 quokkas
  7 bats
  A bombardier beetle zombie (Crypt:1)
  2 frilled lizards
  A frilled lizard zombie (Crypt:1)
  A giant cockroach zombie (Crypt:2)
  7 rats
  10 aspiring fleshes
  9 ball lightnings (Pan)
  A spectral weapon (Depths:1)
3044 creatures vanquished.

Vanquished Creatures (collateral kills)
  An orb of fire (Zot:5)
  A dread lich (Zot:5)
  A tentacled monstrosity (Zot:5)
  A Hell Sentinel (Pan)
  A lich (Pan)
  3 Orb Guardians (Zot:5)
  2 quicksilver dragons (Zot:5)
  An Executioner (Pan)
  A tentacled starspawn (Abyss:5)
  2 nagarajas (Snake:4)
  A shadow dragon (Zot:5)
  A daeva (Pan)
  A draconian shifter (Zot:5)
  A draconian knight (Zot:5)
  2 balrugs (Pan)
  An angel (Depths:1)
  A quicksilver ooze (Slime:5)
  3 reapers (Pan)
  A draconian annihilator (Pan)
  A black draconian (Zot:2)
  A purple draconian (Zot:4)
  A yellow draconian (Zot:2)
  A spriggan air mage (Pan)
  2 naga warriors (Snake:4)
  A naga sharpshooter (Snake:4)
  A thrashing horror (Abyss:5)
  A deep elf knight (Crypt:1)
  6 sun demons (Pan)
  A soul eater (Pan)
  A sixfirhy (Pan)
  A wretched star (Abyss:5)
  A sun moth (Pan)
  A large abomination (Abyss:5)
  An ugly thing (IceCv)
  A black mamba (Snake:4)
  A guardian serpent (Snake:4)
  5 smoke demons (Pan)
  A naga mage (Snake:4)
  A cane toad (Lair:3)
  A rime drake (Lair:3)
  A tormentor (Pan)
  An efreet (Pan)
  2 hellwings (Pan)
  A raiju (Abyss:5)
  A wraith (Crypt:2)
  A golden eye (Abyss:5)
  A naga (Snake:4)
  A water moccasin (Lair:2)
  2 wolves (Lair:2)
  A killer bee (Lair:2)
  A crimson imp (Abyss:5)
  2 orcs (Orc:1)
  A starspawn tentacle (Abyss:5)
73 creatures vanquished.

Vanquished Creatures (others)
  A nagaraja (Pan)
  A fire giant (Vaults:5)
  2 balrugs (Pan)
  A draconian annihilator (Pan)
  A reaper (Pan)
  A blizzard demon (Pan)
  A green death (Pan)
  A spriggan zombie (Crypt:2)
  6 Orb Guardian zombies (Zot:5)
  A jorogumo (Pan)
  2 spriggan air magi (Pan)
  A thrashing horror (Abyss:5)
  A deep elf knight (Elf:1)
  3 soul eaters (Pan)
  A sun demon (Pan)
  A glowing orange brain (Pan)
  A draconian zombie (Zot:5)
  An orange demon (Pan)
  A black draconian zombie (Zot:2)
  2 red draconian zombies (Zot:5)
  A green draconian zombie (Zot:5)
  A bloated husk (Swamp:1)
  A hellwing (Pan)
  3 moth of wrath zombies
  A satyr zombie (Zot:5)
  A spriggan (Swamp:2)
  A ynoxinul (Abyss:5)
  2 hell hounds (Pan)
  A white imp (Pan)
  9 ball lightnings (Pan)
  4 foxfires
  10 starspawn tentacles (Abyss:5)
65 creatures vanquished.

Grand Total: 3182 creatures vanquished

Notes
Turn   | Place    | Note
-------+----------+-------------------------------------------
     0 | D:1      | sdynet the Armataur Fighter began the quest for the Orb.
     0 | D:1      | Reached XP level 1. HP: 18/18 MP: 1/1
    86 | D:1      | You fall into a shaft and drop 1 floor!
   239 | D:1      | Reached XP level 2. HP: 26/26 MP: 2/2
   300 | D:1      | Gained mutation: You expend magic power (3 MP) to
                  | strengthen your wands. [potion of mutation]
   300 | D:1      | Gained mutation: You occasionally lose the ability to read
                  | scrolls when taking damage. [potion of mutation]
   415 | D:1      | Reached skill level 1 in Long Blades
   506 | D:1      | Reached XP level 3. HP: 21/31 MP: 3/3
  1004 | D:2      | Noticed Natasha
  1012 | D:2      | Killed Natasha
  1013 | D:2      | Reached XP level 4. HP: 40/40 MP: 4/4
  1044 | D:2      | Noticed Natasha
  1051 | D:2      | Killed Natasha
  1146 | D:2      | Noticed Natasha
  1149 | D:2      | Killed Natasha
  1312 | D:2      | Reached skill level 5 in Fighting
  1312 | D:2      | Reached XP level 5. HP: 48/48 MP: 5/5
  2545 | D:4      | Reached XP level 6. HP: 57/57 MP: 6/6
  2737 | D:4      | Found a runed translucent gate.
  2737 | D:4      | Found a runed translucent gate.
  2737 | D:4      | Found a runed translucent gate.
  2738 | D:4      | Noticed ironshield's ghost (amateur DsSu)
  2977 | D:4      | Lost mutation: You expend magic power (3 MP) to strengthen
                  | your wands. [potion of mutation]
  2977 | D:4      | Lost mutation: You occasionally lose the ability to read
                  | scrolls when taking damage. [potion of mutation]
  2977 | D:4      | Gained mutation: You are partially covered in iridescent
                  | scales. (AC +2) [potion of mutation]
  2977 | D:4      | Gained mutation: Your spells are a little harder to cast,
                  | but a little more powerful. [potion of mutation]
  3334 | D:5      | Entered Level 5 of the Dungeon
  3462 | D:5      | Found a staircase to the Ecumenical Temple.
  3477 | Temple   | Entered the Ecumenical Temple
  3486 | Temple   | Became a worshipper of the Wu Jian Council
  3777 | D:5      | Gained mutation: You regenerate magic and health when
                  | rolling toward enemies. (Rampage Regen) [Armataur growth]
  3777 | D:5      | Reached XP level 7. HP: 61/63 MP: 7/7
  3905 | D:5      | Noticed Sigmund
  3917 | D:5      | Killed Sigmund
  3918 | D:5      | Reached skill level 5 in Long Blades
  4454 | D:6      | Reached XP level 8. HP: 67/71 MP: 8/8
  4463 | D:6      | Identified the +4 ring mail of Jysa {Rampage rCorr Int-2
                  | Stlth+}
  4507 | D:6      | Reached * piety under Wu Jian
  5178 | D:7      | Found a burning altar of Makhleb.
  5337 | D:7      | Found Cauxez's Magic Scroll Emporium.
  5389 | D:7      | Bought a scroll of enchant weapon for 82 gold pieces
  5389 | D:7      | Bought a scroll of revelation for 82 gold pieces
  5389 | D:7      | Bought a scroll of revelation for 82 gold pieces
  5389 | D:7      | Bought a scroll of amnesia for 44 gold pieces
  5429 | D:7      | Reached XP level 9. HP: 82/82 MP: 9/9
  5596 | D:7      | Found Ufeloafu's Antique Armour Emporium.
  5602 | D:7      | Reached ** piety under Wu Jian
  5686 | D:8      | Identified the +10 mace of Crystal {pain, rC+ rCorr MP-9
                  | Str+2}
  5716 | D:8      | Found a glowing golden altar of the Shining One.
  5719 | D:8      | Found a bloodstained altar of Trog.
  5752 | D:8      | Noticed Prince Ribbit
  5756 | D:8      | Killed Prince Ribbit
  5988 | D:8      | Found an opulent altar of Gozag.
  6324 | D:9      | Found a flagged portal.
  6332 | D:9      | Reached XP level 10. HP: 93/93 MP: 10/10
  6368 | Bailey   | Entered a bailey
  6408 | Bailey   | Reached skill level 10 in Fighting
  6439 | Bailey   | Noticed a two-headed ogre
  6447 | Bailey   | Killed a two-headed ogre
  6448 | Bailey   | Reached skill level 10 in Long Blades
  6676 | Bailey   | Reached *** piety under Wu Jian
  6931 | D:10     | Entered Level 10 of the Dungeon
  7352 | D:10     | Noticed a cyclops
  7364 | D:10     | Killed a cyclops
  7366 | D:10     | Found a staircase to the Lair.
  7377 | D:10     | Reached skill level 1 in Stealth
  7377 | D:10     | Reached XP level 11. HP: 93/101 MP: 11/11
  7648 | D:10     | Identified the +0 hat of the Ladybird {^Drain rElec rPois
                  | MP+9}
  7879 | Lair:1   | Entered Level 1 of the Lair of Beasts
  7879 | Lair:1   | Noticed Maggie
  7886 | Lair:1   | Killed Maggie
  7924 | Lair:1   | Noticed Joseph
  7941 | Lair:1   | Killed Joseph
  8277 | Lair:1   | Reached **** piety under Wu Jian
  8437 | Lair:1   | Noticed Harold
  8452 | Lair:1   | Killed Harold
  8453 | Lair:1   | Reached XP level 12. HP: 112/112 MP: 12/12
  8792 | Lair:1   | Lost mutation: Your spells are a little harder to cast, but
                  | a little more powerful. [potion of mutation]
  8792 | Lair:1   | Lost mutation: You are partially covered in iridescent
                  | scales. (AC +2) [potion of mutation]
  8792 | Lair:1   | Gained mutation: You occasionally lose the ability to drink
                  | potions when taking damage. [potion of mutation]
  8792 | Lair:1   | Gained mutation: You have a pair of small horns on your
                  | head. [potion of mutation]
  8792 | Lair:1   | Gained mutation: You are resistant to electric shocks.
                  | (rElec) [potion of mutation]
  8794 | Lair:1   | Lost mutation: You occasionally lose the ability to drink
                  | potions when taking damage. [potion of mutation]
  8794 | Lair:1   | Lost mutation: You are resistant to electric shocks.
                  | (rElec) [potion of mutation]
  8794 | Lair:1   | Gained mutation: You have sharp fingernails. [potion of
                  | mutation]
  8794 | Lair:1   | Gained mutation: Your body sometimes deteriorates upon
                  | taking damage. [potion of mutation]
  8794 | Lair:1   | Gained mutation: Your flesh is cold resistant. (rC+)
                  | [potion of mutation]
  8794 | Lair:1   | Gained mutation: You are covered in fur. (AC +1) [potion of
                  | mutation]
  8894 | Lair:2   | Found a staircase to the Swamp.
  8895 | Lair:2   | You fall into a shaft and drop 2 floors!
  9042 | Lair:2   | Reached skill level 1 in Evocations
  9075 | Lair:2   | Reached ***** piety under Wu Jian
  9111 | Lair:2   | Reached skill level 5 in Armour
  9547 | Lair:2   | Noticed a five-headed hydra
  9555 | Lair:2   | Killed a five-headed hydra
  9564 | Lair:2   | Reached XP level 13. HP: 121/122 MP: 13/13
 10273 | Lair:3   | Found a staircase to the Snake Pit.
 10290 | Lair:3   | Reached skill level 15 in Fighting
 10878 | Lair:3   | Reached skill level 1 in Dodging
 11448 | Lair:4   | Reached ****** piety under Wu Jian
 11456 | Lair:4   | Identified the orb of Rakuufob {mayhem, rCorr}
 11463 | Lair:4   | Identified the staff of the Omega Point {rElec rF- rC+
                  | Will+ Earth}
 11519 | Lair:5   | Entered Level 5 of the Lair of Beasts
 11566 | Lair:5   | Found a viscous altar of Jiyva.
 11573 | Lair:5   | Reached skill level 10 in Armour
 11575 | Lair:5   | Found a staircase to the Slime Pits.
 11610 | Lair:5   | Learned a level 3 spell: Fugue of the Fallen
 11654 | Lair:5   | Reached XP level 14. HP: 135/135 MP: 14/14
 12096 | Lair:5   | Identified the staff "Ulacwe" {rF+ rCorr Necro Earth}
 12100 | Lair:5   | Identified the +0 sling "Poehym" {freeze, rF+ Str+3}
 12100 | Lair:5   | Found a corrupted altar of Lugonu.
 12100 | Lair:5   | Found a one-way gate to the infinite horrors of the Abyss.
 13415 | D:11     | Found a staircase to the Orcish Mines.
 13419 | D:11     | Reached skill level 15 in Long Blades
 13746 | D:11     | Reached skill level 1 in Necromancy
 13755 | D:11     | Learned a level 2 spell: Blink
 13810 | D:11     | Reached skill level 1 in Spellcasting
 13991 | Orc:1    | Entered Level 1 of the Orcish Mines
 14039 | Orc:1    | Reached skill level 1 in Translocations
 14514 | Orc:2    | Entered Level 2 of the Orcish Mines
 14607 | Orc:2    | Found a staircase to the Elven Halls.
 14631 | Orc:2    | Found Quazust's Weapon Shop.
 14762 | Orc:2    | Found Narohabi's Distillery.
 14793 | Orc:2    | Noticed an orc warlord
 14801 | Orc:2    | Killed an orc warlord
 14819 | Orc:2    | Found Joschiv's Antique Armour Shoppe.
 14822 | Orc:2    | Found Siniuvec's Antique Weapon Emporium.
 14897 | Orc:2    | Found Jeddousch's Magic Scroll Emporium.
 15073 | Orc:2    | Bought a potion of berserk rage for 65 gold pieces
 15309 | Orc:2    | Bought a brightly glowing dagger for 252 gold pieces
 15309 | Orc:2    | Identified the +6 dagger "Wocoukk" {speed, Dex+2} (You
                  | bought it in a shop on level 2 of the Orcish Mines)
 15331 | Orc:2    | Bought a glowing hat for 175 gold pieces
 15386 | Orc:2    | Bought a scroll of silence for 104 gold pieces
 15386 | Orc:2    | Bought a scroll of poison for 44 gold pieces
 15386 | Orc:2    | Bought a scroll of blinking for 82 gold pieces
 15386 | Orc:2    | Bought a scroll of fear for 44 gold pieces
 15386 | Orc:2    | Bought a scroll of teleportation for 33 gold pieces
 15386 | Orc:2    | Bought a scroll of teleportation for 33 gold pieces
 15386 | Orc:2    | Bought a scroll of teleportation for 33 gold pieces
 15459 | D:12     | Reached XP level 15. HP: 134/145 MP: 18/18
 15793 | D:12     | Identified the +2 leather armour of Peek-a-Boo {rCorr
                  | Dex+3}
 16435 | D:13     | Found a gate to the Vaults.
 16712 | D:13     | Identified the +1 scale mail of the Blacksmith {+Blink}
 17843 | D:14     | Noticed a sphinx
 17854 | D:14     | Killed a sphinx
 18016 | D:15     | Entered Level 15 of the Dungeon
 18095 | D:15     | Found a staircase to the Depths.
 18097 | D:15     | Reached XP level 16. HP: 141/155 MP: 20/20
 18435 | D:15     | Identified the amulet "Byitwiura" {Acrobat Regen+}
 18498 | D:15     | Reached skill level 15 in Armour
 18553 | D:15     | Identified the +1 morningstar of the Shining Light {drain,
                  | Dex+3}
 19065 | Snake:1  | Entered Level 1 of the Snake Pit
 19960 | Snake:3  | Found a shimmering blue altar of Sif Muna.
 19992 | Snake:3  | Found Lolel's Antique Armour Shop.
 20000 | Snake:3  | Bought a glowing cloak for 285 gold pieces
 20155 | Snake:3  | Reached XP level 17. HP: 142/165 MP: 21/21
 20234 | Snake:4  | Entered Level 4 of the Snake Pit
 20414 | Snake:4  | Identified the +10 long sword of Hubris {speed, ^Drain
                  | rPois Int+2}
 20468 | Snake:4  | Reached skill level 5 in Necromancy
 20493 | Snake:4  | Found Wiver's Jewellery Boutique.
 20496 | Snake:4  | Bought a ring of willpower for 300 gold pieces
 20575 | Snake:3  | Bought a shiny plate armour for 988 gold pieces
 21084 | Snake:4  | Got a jade gem with 609 turns to spare
 21084 | Snake:4  | Got a serpentine rune of Zot
 21677 | Swamp:1  | Entered Level 1 of the Swamp
 22145 | Swamp:2  | Reached XP level 18. HP: 174/174 MP: 24/24
 22470 | Swamp:4  | Entered Level 4 of the Swamp
 22477 | Swamp:4  | Noticed Mlioglotl
 22488 | Swamp:4  | Killed Mlioglotl
 22528 | Swamp:4  | Got a mossy gem with 959 turns to spare
 22528 | Swamp:4  | Got a decaying rune of Zot
 23085 | Swamp:3  | Noticed Donald
 23100 | Swamp:3  | Killed Donald
 23494 | Swamp:3  | Lost the mossy gem through the power of Zot.Gained a life
                  | (4 lives remaining)
 24157 | Elf:1    | Entered Level 1 of the Elven Halls
 24213 | Elf:1    | Noticed Zenata
 24218 | Elf:1    | Killed Zenata
 24667 | Elf:2    | Identified the serpent talisman "Kiakk" {rCorr Str+3 Int+3
                  | Dex-5}
 24667 | Elf:2    | Noticed Aizul
 24672 | Elf:2    | Killed Aizul
 24747 | Elf:2    | Reached XP level 19. HP: 185/185 MP: 25/25
 24778 | Elf:2    | Found a flickering gateway to a bazaar.
 24784 | Bazaar   | Entered a bazaar
 24784 | Bazaar   | Found Tedwi's Distillery.
 24784 | Bazaar   | Found Nutsosh's Book Emporium.
 24785 | Bazaar   | Found Visuvi's Magic Scroll Shoppe.
 24785 | Bazaar   | Found Heishequ's Distillery.
 24825 | Bazaar   | Bought a scroll of acquirement for 780 gold pieces
 24826 | Bazaar   | Acquired the +9 triple sword of the Spectre {freeze,
                  | ^Contam Dex+5}
 24847 | Bazaar   | Bought a potion of heal wounds for 50 gold pieces
 24847 | Bazaar   | Bought a potion of resistance for 100 gold pieces
 24884 | Elf:3    | Entered Level 3 of the Elven Halls
 24924 | Elf:3    | Found a frozen archway.
 24931 | IceCv    | Entered an ice cave
 25280 | IceCv    | Noticed a shard shrike
 25291 | IceCv    | Killed a shard shrike
 25310 | IceCv    | Got the Elucidation of Snow
 25963 | Elf:3    | Paralysed by an air elemental for 1 turns
 26053 | Elf:3    | Found the +8 trishula "Condemnation" {holy, anguish, *Noise
                  | Fly rN+}
 26543 | Elf:3    | Identified the +6 hand axe "Juh Taid" {freeze, rPois rN+}
 26616 | Elf:3    | Identified the +10 scimitar "Ateomax" {vamp, ^Drain rElec
                  | rN+ SInv}
 26623 | Elf:3    | Identified the +6 scale mail "Tyukoluf" {rF+ Will- rCorr}
 26640 | Elf:3    | Identified the +4 robe of Laibb {rPois Will- Str+4 Slay+2}
 26643 | Elf:3    | Upgraded the game from 0.31-a0-1549-g5ff9445 to
                  | 0.31-a0-1570-g93c622d
 26879 | Vaults:1 | Entered Level 1 of the Vaults
 26969 | Vaults:1 | Found Cixips's Jewellery Emporium.
 26977 | Vaults:1 | Bought an amulet of guardian spirit for 360 gold pieces
 27049 | Vaults:1 | Noticed Nikola
 27058 | Vaults:1 | Killed Nikola
 27308 | Vaults:1 | Found a crumbling gateway.
 27315 | Desolati | Entered the Desolation of Salt
 27362 | Desolati | Got the Volume of Feathery Creation
 27391 | Desolati | Got the Codex of Posthumous Places
 27394 | Desolati | Identified the +4 lajatang "Hipnepog" {holy, rPois Str+4}
 27452 | Desolati | Reached XP level 20. HP: 193/193 MP: 26/26
 27473 | Desolati | Identified the +1 morningstar of Compound Interest {venom,
                  | Fly Will+ Dex-5}
 27475 | Desolati | Got the Atlas of Fetching Chilblains
 27478 | Desolati | Got Qecwiop's Elucidation of Deathly Doom
 27486 | Desolati | Identified the +1 ring mail of Henotheism {+Blink rF++
                  | Will- Stlth+}
 27489 | Desolati | Identified the +3 ring mail "Listyi" {+Inv rN+ Regen+
                  | Str-5}
 27495 | Desolati | Identified the +9 mace "Wicuph" {freeze, rElec rF- Int+7
                  | Dex-5}
 27525 | Desolati | Found the +8 demon trident "Rift" {distort, reach+}
 27592 | Desolati | Identified the +3 chain mail of Hedonism {rF+ Str+4 Dex-5}
 28049 | Vaults:1 | You fall into a shaft and drop 1 floor!
 28397 | Vaults:2 | Found Adoemp's Book Shop.
 28498 | Vaults:2 | Paralysed by a formless jellyfish for 1 turns
 28585 | Vaults:2 | Found Qaewkiv's Armour Shop.
 28599 | Vaults:2 | Bought the +0 pair of gloves of Ypoliekh {rElec rC+} for
                  | 255 gold pieces
 28814 | Vaults:2 | Found a staircase to the Crypt.
 28814 | Vaults:2 | Found an ancient bone altar of Kikubaaqudgha.
 28815 | Vaults:2 | Found a basalt altar of Yredelemnul.
 29212 | Vaults:3 | Learned a level 1 spell: Apportation
 29215 | Vaults:3 | Learned a level 2 spell: Lesser Beckoning
 29893 | Vaults:4 | Reached XP level 21. HP: 201/202 MP: 27/27
 29955 | Vaults:4 | You fall into a shaft and drop 1 floor!
 29955 | Vaults:5 | Entered Level 5 of the Vaults
 29955 | Vaults:5 | Noticed a dread lich
 29961 | Vaults:5 | Noticed a dread lich
 29964 | Vaults:5 | Killed a dread lich
 29985 | Vaults:5 | Killed a dread lich
 30005 | Vaults:5 | Got a silver rune of Zot
 30005 | Vaults:5 | Got a shining gem with 1314 turns to spare
 30026 | Vaults:5 | Gained mutation: You occasionally shout uncontrollably at
                  | your foes. [mutagenic glow]
 30050 | Vaults:5 | Noticed an ancient lich
 30055 | Vaults:5 | Killed an ancient lich
 30100 | Vaults:5 | Noticed Xtahua
 30119 | Vaults:5 | Killed Xtahua
 30146 | Vaults:5 | Noticed an ancient lich
 30153 | Vaults:5 | Killed an ancient lich
 30300 | Vaults:5 | Identified the ring "Ritoacat" {^Drain rF+ rC- rN+++ Int+2
                  | SInv}
 30322 | Vaults:5 | Reached XP level 22. HP: 181/213 MP: 25/28
 30413 | Vaults:5 | Identified the +3 dagger of Jojyn {freeze, Stlth+}
 31064 | Vaults:5 | Identified the +4 sling of Havoc {elec, Fly rPois SInv}
 31168 | Vaults:5 | Identified the +0 falchion of the Median {spect, rC+ Str+6
                  | Int-2}
 31326 | Vaults:5 | Lost the shining gem through the power of Zot.Gained a life
                  | (9 lives remaining)
 31689 | Vaults:4 | Found a runed translucent door.
 31689 | Vaults:4 | Noticed Viwk's ghost (veteran AtGl)
 31959 | Vaults:4 | Killed Viwk's ghost
 33613 | Crypt:1  | Entered Level 1 of the Crypt
 33677 | Crypt:1  | Found a runed translucent gate.
 33677 | Crypt:1  | Found a runed translucent gate.
 33699 | Crypt:1  | Found a runed translucent gate.
 33699 | Crypt:1  | Noticed Hali's ghost (veteran FoFi)
 33701 | Crypt:1  | Found an iron altar of Okawaru.
 33717 | Crypt:1  | Killed Hali's ghost
 33789 | Crypt:1  | Reached skill level 5 in Stealth
 33864 | Crypt:2  | Reached skill level 5 in Translocations
 33906 | Crypt:3  | Entered Level 3 of the Crypt
 34034 | Crypt:3  | Noticed an ancient lich
 34038 | Crypt:3  | Killed an ancient lich
 34205 | Crypt:3  | Reached XP level 23. HP: 198/224 MP: 29/29
 34211 | Crypt:3  | Reached skill level 5 in Dodging
 34222 | Crypt:3  | Found a basalt altar of Yredelemnul.
 34239 | Crypt:3  | Noticed Jory
 34242 | Crypt:3  | Killed Jory
 34247 | Crypt:3  | Got an ivory gem with 1178 turns to spare
 34339 | Crypt:3  | Found the +13 scythe of Curses {drain, curses, ^Drain}
 34431 | Crypt:3  | Got Vehumet's Incunable of Translocated Striking
 34559 | Crypt:3  | Identified the +10 flail of Valiance {heavy, rF+++ Str-2
                  | Dex+4}
 35438 | Crypt:3  | Lost the ivory gem through the power of Zot.Gained a life
                  | (10 lives remaining)
 35502 | Crypt:3  | Found a staircase to the Tomb.
 35634 | Crypt:1  | Found a basalt altar of Yredelemnul.
 35792 | Crypt:1  | Identified the ring of the Ant {rC- MP+9 Str+7 Int+2
                  | Stlth-}
 36544 | Depths:1 | Entered Level 1 of the Depths
 36576 | Depths:2 | Identified the ring of Ywnely {Ice rCorr}
 36576 | Depths:2 | Noticed Josephina
 36584 | Depths:2 | Killed Josephina
 36672 | Depths:2 | Found a flickering gateway to a bazaar.
 36683 | Bazaar   | Entered a bazaar
 36691 | Bazaar   | Found Odimah's Jewellery Boutique.
 36692 | Bazaar   | Found Dipnol's Armour Emporium.
 36708 | Bazaar   | Found Zoosch's Weapon Shop.
 36726 | Bazaar   | Found Zumaul's Magic Scroll Shop.
 36773 | Bazaar   | Bought the +2 cloak of the Thief {*Fog Slay-2 SInv Stlth+}
                  | for 221 gold pieces
 36773 | Bazaar   | Found the +2 cloak of the Thief {*Fog Slay-2 SInv Stlth+}
 36789 | Bazaar   | Bought the ring "Kouloan" {rElec Will+ MP+9 Stlth-} for 420
                  | gold pieces
 36879 | Depths:3 | Reached skill level 27 in Armour
 36895 | Depths:3 | Noticed Norris
 36910 | Depths:3 | Killed Norris
 36923 | Depths:3 | Reached XP level 24. HP: 227/236 MP: 29/29
 36994 | Depths:3 | Found a one-way gateway to a ziggurat.
 37007 | Depths:4 | Entered Level 4 of the Depths
 37038 | Depths:4 | Identified the +1 hand axe of Juenkunk {heavy, rC+ rN+}
 37099 | Depths:4 | Identified the orb "Aniwoq" {light, rElec}
 37099 | Depths:4 | Noticed Frederick
 37104 | Depths:4 | Killed Frederick
 37212 | Depths:4 | Identified the +0 scale mail of Fedhas's Castigation {Harm
                  | rF++ rC-}
 37215 | Depths:4 | Found a gate to the Realm of Zot.
 37220 | Depths:4 | Got a midnight gem with 2491 turns to spare
 37562 | Depths:4 | Found a snail-covered altar of Cheibriados.
 37682 | Depths:4 | Found a gateway to Hell.
 37982 | Depths:3 | Found Xezujion's Antique Weapon Emporium.
 38059 | Depths:3 | Found Temag's Book Boutique.
 38059 | Depths:3 | Found Ijecsa's Jewellery Shoppe.
 38060 | Depths:3 | Found Nedan's Book Boutique.
 38096 | Depths:2 | Found a runed translucent gate.
 38187 | Depths:3 | Found a one-way gate leading to the halls of Pandemonium.
 38440 | Depths:2 | Found a runed translucent gate.
 38440 | Depths:2 | Found a runed translucent gate.
 38442 | Depths:2 | Noticed Vv
 38442 | Depths:2 | Noticed squeakweiz's ghost (adept MiFi)
 38450 | Depths:2 | Identified the ring of Dicyatoh {rC+ Int+4 Dex-4}
 38451 | Depths:2 | Killed Vv
 38465 | Depths:2 | Killed squeakweiz's ghost
 38514 | Depths:2 | Identified the +2 chain mail of the Ornamental Marlin
                  | {rElec rC+}
 38791 | Depths:1 | Noticed the Enchantress
 38806 | Depths:1 | Killed the Enchantress
 38821 | Depths:1 | Found Putocein's General Store.
 39157 | Depths:1 | Found a shimmering blue altar of Sif Muna.
 39175 | Depths:1 | Noticed Mara
 39178 | Depths:1 | Killed Mara
 39204 | Depths:1 | Noticed Boris
 39207 | Depths:1 | Noticed Saint Roka
 39216 | Depths:1 | Found a glowing golden altar of the Shining One.
 39217 | Depths:1 | Reached XP level 25. HP: 237/251 MP: 29/29
 39223 | Depths:1 | Killed Saint Roka
 39223 | Depths:1 | Killed Boris
 39745 | Depths:1 | Lost the midnight gem through the power of Zot.Gained a
                  | life (12 lives remaining)
 39887 | Depths:2 | Found a blossoming altar of Fedhas.
 40102 | Depths:2 | Found a shadowy altar of Dithmenos.
 40102 | Depths:2 | Found the ring of Shadows {Umbra +Inv Stlth+}
 40111 | Depths:2 | Identified the +10 shadow dragon scales of Kuapnisong
                  | {rPois rC+ Str-5 Stlth++++}
 40502 | Depths:3 | Bought an ancient scimitar for 432 gold pieces
 40502 | Depths:3 | Identified the +5 scimitar of Famine {spect, Int+2} (You
                  | bought it in a shop on level 3 of the Depths)
 40567 | Pan      | Entered Pandemonium
 40674 | Pan      | Noticed Mennas
 40677 | Pan      | Killed Mennas
 40714 | Pan      | Gained mutation: You are clumsy. (Dex -2) [a cacodemon]
 40802 | Pan      | Noticed Uduan the pandemonium lord
 40818 | Pan      | Killed Uduan the pandemonium lord
 40839 | Pan      | Got a demonic rune of Zot
 40885 | Pan      | Entered the realm of Mnoleg.
 40946 | Pan      | Gained mutation: Your body often deteriorates upon taking
                  | damage. [a neqoxec]
 41002 | Pan      | Gained mutation: You are frail. (-10% HP) [a neqoxec]
 41028 | Pan      | Reached skill level 27 in Fighting
 41044 | Pan      | Gained mutation: You have hidden genetic defects. [a
                  | cacodemon]
 41063 | Pan      | Noticed Mnoleg
 41086 | Pan      | Killed Mnoleg
 41087 | Pan      | Reached skill level 5 in Evocations
 41089 | Pan      | Gained mutation: Your health recovers twice as slowly from
                  | being drained. [a cacodemon]
 41092 | Pan      | Reached skill level 5 in Spellcasting
 41116 | Pan      | Got a glowing rune of Zot
 41260 | Pan      | Noticed Vukkimuh the pandemonium lord
 41306 | Pan      | Gained mutation: You are dopey. (Int -2) [hidden defects]
 41312 | Pan      | Lost mutation: Your body often deteriorates upon taking
                  | damage. [potion of mutation]
 41312 | Pan      | Lost mutation: You are dopey. (Int -2) [potion of mutation]
 41312 | Pan      | Lost mutation: You occasionally shout uncontrollably at
                  | your foes. [potion of mutation]
 41428 | Pan      | Identified the +1 scale mail of Fosamaunt {-Tele rCorr
                  | Int+5 SInv}
 41617 | Pan      | Noticed Obuxzur the pandemonium lord
 41621 | Pan      | Killed Obuxzur the pandemonium lord
 41698 | Pan      | Lost mutation: You have a pair of small horns on your head.
                  | [potion of mutation]
 41698 | Pan      | Lost mutation: You are covered in fur. (AC +1) [potion of
                  | mutation]
 41698 | Pan      | Lost mutation: You have hidden genetic defects. [potion of
                  | mutation]
 41698 | Pan      | Gained mutation: You are partially covered in iridescent
                  | scales. (AC +2) [potion of mutation]
 41702 | Pan      | Noticed Iqeiblak the pandemonium lord
 41720 | Pan      | Gained mutation: Your body often deteriorates upon taking
                  | damage. [a cacodemon]
 41881 | Pan      | Reached skill level 10 in Dodging
 41947 | Pan      | Reached XP level 26. HP: 106/239 MP: 32/32
 42233 | Pan      | Acquired the ring of Mozihur {rF+ rN+}
 42239 | Pan      | Acquired the +2 barding of Qustef {^Drain rF+ rC+}
 42253 | Pan      | Acquired the +3 hat of Pondering {ponderous, Will+ MP+10
                  | Int+5}
 42253 | Pan      | Found the +3 hat of Pondering {ponderous, Will+ MP+10
                  | Int+5}
 43035 | Pan      | Learned a level 3 spell: Passwall
 43105 | Pan      | Reached skill level 1 in Earth Magic
 43160 | Pan      | Found a glowing silver altar of Zin.
 43988 | Pan      | Learned a level 4 spell: Manifold Assault
 44140 | Pan      | Found a glowing golden altar of the Shining One.
 44154 | Pan      | Noticed a seraph
 44156 | Pan      | Killed a seraph
 44164 | Pan      | Got the Omnibus of Indurated Darkness
 44166 | Pan      | Got the Volume of Quicksand
 44177 | Pan      | Identified the ring of Kakad {rPois rN+ Stlth+}
 44182 | Pan      | Identified the staff "Akhe Ifa" {rF+ SInv Fire}
 44184 | Pan      | Identified the +7 broad axe of Dorin {drain, rF++}
 44187 | Depths:3 | Escaped Pandemonium
 44553 | Depths:1 | Lost mutation: Your health recovers twice as slowly from
                  | being drained. [potion of mutation]
 44553 | Depths:1 | Lost mutation: You have sharp fingernails. [potion of
                  | mutation]
 44553 | Depths:1 | Gained mutation: You do not regenerate when monsters are
                  | visible. [potion of mutation]
 44553 | Depths:1 | Gained mutation: Your flesh is very cold resistant. (rC++)
                  | [potion of mutation]
 44554 | Depths:1 | Lost mutation: You are clumsy. (Dex -2) [potion of
                  | mutation]
 44554 | Depths:1 | Lost mutation: You do not regenerate when monsters are
                  | visible. [potion of mutation]
 44554 | Depths:1 | Lost mutation: You are partially covered in iridescent
                  | scales. (AC +2) [potion of mutation]
 44554 | Depths:1 | Gained mutation: You have hidden genetic defects. [potion
                  | of mutation]
 44555 | Depths:1 | Lost mutation: Your flesh is very cold resistant. (rC++)
                  | [potion of mutation]
 44555 | Depths:1 | Lost mutation: Your body often deteriorates upon taking
                  | damage. [potion of mutation]
 44555 | Depths:1 | Gained mutation: You expend magic power (3 MP) to
                  | strengthen your wands. [potion of mutation]
 44556 | Depths:1 | Lost mutation: Your flesh is cold resistant. (rC+) [potion
                  | of mutation]
 44556 | Depths:1 | Lost mutation: You expend magic power (3 MP) to strengthen
                  | your wands. [potion of mutation]
 44561 | Depths:1 | Lost mutation: You are frail. (-10% HP) [potion of
                  | mutation]
 44561 | Depths:1 | Lost mutation: Your body sometimes deteriorates upon taking
                  | damage. [potion of mutation]
 44561 | Depths:1 | Lost mutation: You have hidden genetic defects. [potion of
                  | mutation]
 44561 | Depths:1 | Gained mutation: You are partially covered in iridescent
                  | scales. (AC +2) [potion of mutation]
 44561 | Depths:1 | Gained mutation: You sometimes lose your temper in combat.
                  | [potion of mutation]
 44562 | Depths:1 | Lost mutation: You sometimes lose your temper in combat.
                  | [potion of mutation]
 44562 | Depths:1 | Lost mutation: You are partially covered in iridescent
                  | scales. (AC +2) [potion of mutation]
 44562 | Depths:1 | Gained mutation: You have sharp fingernails. [potion of
                  | mutation]
 44562 | Depths:1 | Gained mutation: You expend magic power (3 MP) to
                  | strengthen your wands. [potion of mutation]
 45540 | Slime:1  | Entered Level 1 of the Pits of Slime
 45617 | Slime:3  | Found a viscous altar of Jiyva.
 45644 | Slime:5  | Entered Level 5 of the Pits of Slime
 45662 | Slime:5  | Gained mutation: Your spells are a little easier to cast,
                  | but a little less powerful. [a shining eye]
 45664 | Slime:5  | Noticed the Royal Jelly
 45669 | Slime:5  | Killed the Royal Jelly
 45699 | Slime:5  | Gained mutation: You are vulnerable to cold. (rC-) [a
                  | shining eye]
 45712 | Slime:5  | Identified the amulet of Idealism {Reflect Harm +Blink SH+5
                  | Stlth+}
 45735 | Slime:5  | Identified the +4 long sword of the Foot {heavy, rPois
                  | Int+3 Dex+2 Stlth+}
 45738 | Slime:5  | Identified the +5 trident of Rywn {freeze, rF+ rCorr MP+9
                  | Stlth+}
 45740 | Slime:5  | Got a starry gem with 388 turns to spare
 45740 | Slime:5  | Got a slimy rune of Zot
 45768 | Slime:5  | Found the +8 Wrath of Trog {antimagic, *Rage Rampage}
 45820 | Slime:5  | Identified the +7 hand cannon of Ylogg {flame, Will- Dex+3}
 45850 | Slime:5  | Identified the +9 short sword "Jellyslayer" {freeze,
                  | ^Contam rElec rCorr Dex+3}
 46096 | Slime:4  | Lost the starry gem through the power of Zot.Gained a life
                  | (8 lives remaining)
 46902 | Slime:1  | Reached XP level 27. HP: 257/263 MP: 35/35
 47586 | D:4      | Killed ironshield's ghost
 47826 | Vaults:1 | Lost mutation: You expend magic power (3 MP) to strengthen
                  | your wands. [potion of mutation]
 47826 | Vaults:1 | Lost mutation: Your spells are a little easier to cast, but
                  | a little less powerful. [potion of mutation]
 47826 | Vaults:1 | Gained mutation: You are strong-willed. (Will+) [potion of
                  | mutation]
 47826 | Vaults:1 | Gained mutation: You have hidden genetic potential. [potion
                  | of mutation]
 47964 | Pan      | Entered Pandemonium
 48047 | Pan      | Learned a level 5 spell: Yara's Violent Unravelling
 48190 | Pan      | Gained mutation: You occasionally shout uncontrollably at
                  | your foes. [a cacodemon]
 48251 | Pan      | Reached skill level 1 in Hexes
 48251 | Pan      | Reached skill level 1 in Alchemy
 48344 | Pan      | Noticed Ufolyps the pandemonium lord
 48346 | Abyss:5  | Cast into level 5 of the Abyss (Ufolyps)
 48538 | Abyss:5  | Found a corrupted altar of Lugonu.
 48541 | Abyss:5  | Got an abyssal rune of Zot
 48556 | Pan      | Escaped the Abyss
 48565 | Pan      | Killed Ufolyps the pandemonium lord
 48615 | Pan      | Reached skill level 5 in Alchemy
 48616 | Pan      | Noticed Yco Tizi the pandemonium lord
 48617 | Pan      | Reached skill level 5 in Hexes
 48624 | Pan      | Entered the realm of Gloorx Vloq.
 48653 | Pan      | Noticed Gloorx Vloq
 48657 | Pan      | Killed Gloorx Vloq
 48671 | Pan      | Got a dark rune of Zot
 48761 | Pan      | Entered the realm of Lom Lobon.
 48762 | Pan      | Found an exit through the horrors of the Abyss.
 48884 | Pan      | Noticed Lom Lobon
 48922 | Pan      | Killed Lom Lobon
 48929 | Pan      | Got a magical rune of Zot
 49089 | Pan      | Entered the realm of Cerebov.
 49116 | Pan      | Found an exit through the horrors of the Abyss.
 49173 | Pan      | Found the +6 sword of Cerebov {flame}
 49173 | Pan      | Noticed Cerebov
 49197 | Pan      | Killed Cerebov
 49228 | Pan      | Got a fiery rune of Zot
 49248 | Pan      | Gained mutation: Your flesh is heat resistant. (rF+)
                  | [hidden potential]
 49251 | Pan      | Identified the ring "Vupustron" {rPois Will++ MP+9 Int-4
                  | Slay+3}
 49474 | Pan      | Identified the +0 robe of Okawaru's Favour {rC+}
 49711 | Pan      | Identified the +0 ring mail of the Baku {rPois Regen+ Str-4
                  | Int+5 Stlth+}
 49746 | Pan      | Learned a level 4 spell: Leda's Liquefaction
 49878 | Pan      | Reached skill level 10 in Hexes
 49878 | Pan      | Reached skill level 10 in Alchemy
 49899 | Pan      | Took an exit into the Abyss.
 49899 | Abyss:5  | Escaped into the Abyss
 49899 | Abyss:5  | Found a corrupted altar of Lugonu.
 49992 | Abyss:5  | Found a corrupted altar of Lugonu.
 50023 | Abyss:5  | Noticed a dread lich
 50026 | Abyss:5  | Killed a dread lich
 50043 | Depths:2 | Escaped the Abyss
 50152 | Zot:1    | Entered Level 1 of the Realm of Zot
 50196 | Zot:2    | Found an ornate altar of the Wu Jian Council.
 50211 | Zot:2    | Learned a level 4 spell: Animate Dead
 50383 | Zot:5    | Entered Level 5 of the Realm of Zot
 50444 | Zot:5    | Noticed an orb of fire
 50447 | Zot:5    | Killed an orb of fire
 50466 | Zot:5    | Reached skill level 5 in Earth Magic
 50482 | Zot:5    | Got a prismatic gem with 672 turns to spare
 50513 | Zot:5    | Noticed an ancient lich
 50517 | Zot:5    | Killed an ancient lich
 50517 | Zot:5    | Noticed an orb of fire
 50517 | Zot:5    | Noticed a dread lich
 50517 | Zot:5    | Noticed a dread lich
 50527 | Zot:5    | Killed a dread lich
 50528 | Zot:5    | Reached skill level 10 in Spellcasting
 50530 | Zot:5    | Killed a dread lich
 50531 | Zot:5    | Reached skill level 10 in Necromancy
 50536 | Zot:5    | Killed an orb of fire
 50537 | Zot:5    | Gained mutation: You have great hidden genetic potential.
                  | [hidden potential]
 50537 | Zot:5    | Lost mutation: You have great hidden genetic potential.
                  | [hidden potential expressed]
 50539 | Zot:5    | Noticed an orb of fire
 50540 | Zot:5    | Noticed an ancient lich
 50543 | Zot:5    | Killed an orb of fire
 50544 | Zot:5    | Killed an ancient lich
 50545 | Zot:5    | Noticed a dread lich
 50545 | Zot:5    | Noticed an ancient lich
 50545 | Zot:5    | Killed a dread lich
 50551 | Zot:5    | Killed an ancient lich
 50558 | Zot:5    | Noticed an ancient lich
 50564 | Zot:5    | Killed an ancient lich
 50589 | Zot:5    | Got the Orb of Zot
 50645 | Zot:4    | Found a transporter.
 51019 | Depths:1 | Noticed a seraph
 51024 | Depths:1 | Killed a seraph
 51184 | D:10     | Noticed Qeanlira the pandemonium lord
 51186 | D:10     | Killed Qeanlira the pandemonium lord
 51315 | D:4      | Noticed Jeniav the pandemonium lord
 51325 | D:4      | Killed Jeniav the pandemonium lord
 51488 | D:$      | Escaped with the Orb!

Illustrated notes

Levels and vault maps discovered:
D:1:      ldierk_walled_garden, layout_basic, chequers_garden
D:2:      minmay_chambers_of_twos, layout_basic, solitary_fountain,
          due_unseen_surprise, uniq_natasha
D:3:      layout_basic, minmay_door_square, mrwooster_statue_mirror,
          minmay_goblin_outpost
D:4:      layout_basic, gammafunk_ghost_nasty_kobolds, st_stairs_13
D:5:      layout_loops_cross, minmay_temple_entry_ruins, minmay_fire_ice_demons,
          uniq_sigmund
D:6:      layout_loops_ring
D:7:      layout_cave_pools, mainiacjoe_overflow_catwalk, serial_shops,
          nicolae_shop_statue_plus, kennysheep_windowed_goal
D:8:      layout_rooms, grunt_temple_overflow_open, st_stairs_2,
          kennysheep_decorative_pillar, uniq_prince_ribbit1
D:9:      layout_rooms, enter_bailey_6
D:10:     layout_cave_pools, due_lair_maze_entry_diamond, minmay_misc_feat_iff,
          centaur_isle
D:11:     layout_irregular_city, david_orc_2
D:12:     layout_basic
D:13:     layout_basic, david_vaults_1, minmay_liquid_box
D:14:     evilmike_diamond_2, layout_basic, nicolae_eternal_life,
          amcnicky_mini_corridor_feature, kennysheep_big_empty_room
D:15:     hangedman_crystal_crosses_colossus [crystal_crosses_arms_four,
          crystal_crosses_arms_one, crystal_crosses_arms_one]
Temple:   mainiacjoe_temple_coin_purse
Lair:1:   layout_hall_layers, st_stairs_4, guppyfry_lair_drakes,
          serial_bayou_shore_b, grunt_megastairs_4, uniq_maggie, uniq_joseph,
          uniq_harold
Lair:2:   regret_index_bee_streams, layout_regular_city,
          skrybe_swamp_entry_bodies, lemuel_fruit_fields
Lair:3:   regret_index_malice_mire, layout_gridlike, guppyfry_snake_entry_island
Lair:4:   layout_layer_cave, st_stairs_3, ice2_lemuel, grunt_megastairs_3,
          infiniplex_staircase_pool_2
Lair:5:   hellmonk_lair_end_abyssal_woods, layout_gridlike, slime_entry_2,
          serial_bayou_pond_e
Swamp:1:  layout_basic_swamp, serial_swamp_ruin, evilmike_swamp_ruin_house_2,
          evilmike_swamp_ruin_house_1, infiniplex_staircase_pool,
          nicolae_swamp_decorative_isthmus
Swamp:2:  layout_falls_marsh, evilmike_swamp_ruin_house_5
Swamp:3:  layout_falls_marsh, nicolae_swamp_dense_foliage, swamp_pool_4,
          uniq_donald
Swamp:4:  swamp_alternative, layout_basic_swamp, swamp_pool_3, uniq_mlioglotl
Snake:1:  layout_basic
Snake:2:  layout_gridlike, serial_shops, shop, grunt_ministairs_2
Snake:3:  layout_concentric_octagons, basic_altar, serial_shops,
          nicolae_shop_temple_entry_statues_fountains,
          nicolae_snake_gridmaze_swirls
Snake:4:  grunt_snake_rune_serpentine_throne, layout_rooms, serial_shops, shop
Slime:1:  layout_caves, nicolae_slime_getting_an_eyeful
Slime:2:  layout_caves
Slime:3:  layout_caves, basic_altar
Slime:4:  layout_caves
Slime:5:  slime_pit_nicolae_trefoil
Orc:1:    layout_caves, mines1_david
Orc:2:    grunt_orc_community_town_hall, layout_diamond_mine,
          grunt_orc_community_big_house_1, grunt_orc_community_big_house_1,
          grunt_orc_community_house_3, grunt_orc_community_house_3,
          grunt_orc_community_house_3, grunt_orc_community_house_1,
          serial_shops, nicolae_shop_rolled_up
Elf:1:    layout_loops_corners, onia_ninara_cookie, uniq_zenata
Elf:2:    nicolae_elf_blades_crystal_corner, layout_loops_cross, serial_shops,
          bzr_in_the_mist, grunt_ministairs_5, uniq_aizul
Elf:3:    elf_hall_gauntlet_narrow, layout_gridlike,
          portal_ice_cave_entry_pillars_four
Vaults:1: portal_desolation_entry_nicolae_slug, nicolae_vaults_two_Ls,
          minmay_orc_keep, nicolae_vaults_closet_pinwheel_2,
          vaults_mumra_minichess_inversion, nicolae_vaults_trapezoid_4,
          nicolae_vaults_tetromino_T_1, nicolae_vaults_asterisk,
          nicolae_vaults_angled_halls, nicolae_vaults_closet_pinwheel_3,
          hangedman_vaults_slice, v_rooms_3,
          nicolae_vaults_surprise_closet_hard, layout_vaults_chaotic_city,
          serial_shops, shop, uniq_nikola
Vaults:2: nicolae_vaults_taking_the_gang_shopping, nicolae_vaults_heist,
          hangedman_vaults_locks, nicolae_vaults_house_2,
          minmay_crypt_entry_necro_gods, layout_vaults_omnigrid, serial_shops,
          shop
Vaults:3: ontoclasm_vaults_shuriken, v_alt_pattern_2,
          nicolae_vaults_closet_pinwheel_5, nicolae_vaults_six-pack,
          nicolae_vaults_tetromino_Z_2, grunt_vaults_hallway_long,
          ontoclasm_vaults_loading_screen, nicolae_vaults_tetromino_L_1,
          grunt_vaults_diagonal, layout_vaults_omnicross
Vaults:4: hellmonk_ghost_happy_afterlife, dpeg_vaults_monster_box,
          nicolae_vaults_surprise_closet, hangedman_vaults_stitches,
          nicolae_vaults_more_shelving_1, v_pattern_1, v_misc_11,
          grunt_vaults_focal, ontoclasm_vaults_claustrophobia,
          nicolae_vaults_little_squares_3, grunt_vaults_hallway_short,
          nicolae_vaults_variable_pillar_hall, layout_vaults_maze_snakey
Vaults:5: serial_shops, uniq_xtahua
Crypt:1:  layout_misc_corridors, gammafunk_ghost_fury_of_okawaru,
          grunt_crypt_arrival_split, lemuel_upstairs_altar
Crypt:2:  layout_basic, grunt_megastairs_5
Crypt:3:  church_of_pain_bobbens, layout_chaotic_city, weyrava_lich_vault
Depths:1: layout_basic, lemuel_coloured_pillars_altar, hellmouth_1,
          serial_shops, shop, st_stairs_1, minmay_crystal_water,
          grunt_decor_resistance, led_sif_pool, uniq_enchantress, uniq_boris,
          uniq_mara, uniq_saint_roka
Depths:2: regret_index_dithmenos_brocken_genspenst, layout_basic,
          grunt_hell_entry_dis_mu, fedhas_altar_1, rand_demon_pan_entry_7,
          serial_shops, freezing_bzr, gammafunk_ghost_split,
          minmay_alternating_orb, uniq_vv, uniq_josephina
Depths:3: kennysheep_spiral_hall, layout_cave_pools, enter_ziggurat_e,
          serial_shops, nicolae_shop_advertising_works
          [nicolae_subvault_shop_adworks], rand_demon_pan_entry_1, abyss_entry,
          hell_entry, minmay_shop_grove, serial_bayou_shore_b, uniq_norris
Depths:4: evilmike_zot_entry_hall, layout_cave_shapes,
          grunt_hell_entry_demonic_statue, slow_altar_1, serial_bayou_shore_b,
          serial_bayou_shore_b, uniq_frederick, uniq_margery, uniq_jory
Zot:1:    regret_index_zot_pan_timeshare, layout_gridlike
Zot:2:    hellmonk_crystal_mountain, layout_onion_interference,
          hangedman_feature_mirror, drop_trap,
          regret_index_zotdec_twisting_globes
Zot:3:    layout_onion
Zot:4:    gammafunk_the_bubble [the_bubble_gammafunk_crates],
          layout_misc_corridors, regret_index_zotdec_iron_s
Zot:5:    layout_gridlike, uniq_tiamat

Skill      XL: |  1  2  3  4  5  6  7  8  9 10 11 12 13 14 15 16 17 18 19 20 21 22 23 24 25 26 27 |
---------------+----------------------------------------------------------------------------------+-----
Unarmed Combat | 2 |  2.0
Fighting       | 3 4 5 6 8 9 10 12 13 15 16 17 18 20 21 22 23 25 27 | 27.0
Long Blades    | 1 3 6 7 9 11 13 14 15 16 17 18 20 22 24 25 | 25.0
Stealth        | 1 3 6 |  6.1
Armour         | 8 10 12 14 16 17 19 20 22 24 25 27 | 27.0
Evocations     | 3 4 6 |  6.0
Dodging        | 1 3 4 7 9 10 | 10.5
Necromancy     | 1 4 6 7 12 | 12.0
Spellcasting   | 2 3 4 6 8 12 | 12.0
Translocations | 3 6 7 8 |  8.0
Earth Magic    | 4 7 |  7.7
Hexes          | 12 | 12.8
Alchemy        | 12 | 12.8
Shields        | |  3.2

Action                     |  1- 3 |  4- 6 |  7- 9 | 10-12 | 13-15 | 16-18 | 19-21 | 22-24 | 25-27 || total
---------------------------+-------+-------+-------+-------+-------+-------+-------+-------+-------++-------
  Melee: Falchion          |    95 |   184 |   263 |   692 |   565 |       |       |       |       ||  1799
         Unarmed           |     8 |       |       |       |       |       |       |       |       ||     8
         Tailslap          |     9 |    20 |    37 |   101 |   260 |   246 |   326 |   362 |   798 ||  2159
         Rapier            |       |       |       |    17 |   374 |       |       |       |       ||   391
         Headbutt          |       |       |       |    63 |   387 |   325 |   363 |   513 |   186 ||  1837
         Scimitar          |       |       |       |       |   171 |       |   403 |    81 |       ||   655
         Dagger            |       |       |       |       |   467 |    16 |       |       |       ||   483
         Demon blade       |       |       |       |       |     4 |  1403 |       |       |       ||  1407
         Triple sword      |       |       |       |       |       |       |  1071 |  1738 |  1781 ||  4590
         Punch             |       |       |       |       |       |       |    13 |     5 |     2 ||    20
         Eudemon blade     |       |       |       |       |       |       |       |       |  1193 ||  1193
         Flamberge         |       |       |       |       |       |       |       |       |   677 ||   677
  Throw: Dart              |       |     7 |    16 |    15 |    15 |       |     1 |       |     4 ||    58
         Throwing net      |       |       |       |     2 |       |     4 |     1 |     1 |     1 ||     9
   Cast: Fugue of the Fall |       |       |       |       |       |     6 |    13 |    15 |    17 ||    51
         Apportation       |       |       |       |       |       |       |     1 |     1 |     8 ||    10
         Blink             |       |       |       |       |       |       |       |    10 |     9 ||    19
         Lesser Beckoning  |       |       |       |       |       |       |       |     2 |     2 ||     4
         Passwall          |       |       |       |       |       |       |       |       |     5 ||     5
         Animate Dead      |       |       |       |       |       |       |       |       |     9 ||     9
         Leda's Liquefacti |       |       |       |       |       |       |       |       |     3 ||     3
         Manifold Assault  |       |       |       |       |       |       |       |       |     3 ||     3
         Yara's Violent Un |       |       |       |       |       |       |       |       |     1 ||     1
 Invoke: Serpent's Lash    |       |       |       |     3 |    10 |    11 |    14 |    22 |    47 ||   107
         Heavenly Storm    |       |       |       |       |     5 |     2 |     3 |     5 |    10 ||    25
Ability: Lunge             |       |     2 |    32 |    67 |   206 |   223 |   184 |   293 |   510 ||  1517
         Whirlwind         |       |       |     8 |   241 |   633 |   629 |   720 |   773 |  1508 ||  4512
         Wall Jump         |       |       |       |     2 |     1 |     1 |     8 |    11 |    20 ||    43
  Evoke: Wand              |       |       |     4 |    16 |    21 |       |     1 |     5 |     3 ||    50
         Box of beasts     |       |       |       |     1 |     2 |     1 |     1 |     2 |     3 ||    10
         Tin of tremorston |       |       |       |       |       |     4 |     5 |       |     4 ||    13
         Phantom mirror    |       |       |       |       |       |     1 |     2 |     3 |     5 ||    11
         Lightning rod     |       |       |       |       |       |       |     4 |     8 |       ||    12
         Phial of floods   |       |       |       |       |       |       |       |     1 |       ||     1
    Use: Scroll            |     4 |     6 |     7 |    12 |     8 |     9 |     7 |     7 |    32 ||    92
         Potion            |     1 |     3 |     4 |     5 |     1 |     5 |    12 |    13 |    45 ||    89
   Stab: Paralysed         |       |       |       |    11 |     7 |       |       |       |       ||    18
         Sleeping          |       |       |       |     6 |    20 |    11 |     2 |     3 |    14 ||    56
         Held in net/web   |       |       |       |     1 |       |     8 |       |     3 |     1 ||    13
         Distracted        |       |       |       |       |     3 |     6 |     5 |     6 |    33 ||    53
         Invisible         |       |       |       |       |       |       |       |     2 |     8 ||    10
 Armour: Scale mail        |    70 |    99 |       |       |       |       |   470 |   984 |   271 ||  1894
         Skin              |     1 |       |       |       |       |       |       |       |       ||     1
         Storm dragon scal |       |     6 |   184 |   128 |       |       |       |       |       ||   318
         Ring mail         |       |       |       |   245 |   257 |       |       |       |       ||   502
         Robe              |       |       |       |       |   195 |   190 |       |       |       ||   385
         Chain mail        |       |       |       |       |       |   356 |   332 |       |       ||   688
         Shadow dragon sca |       |       |       |       |       |       |       |       |  1533 ||  1533
         Acid dragon scale |       |       |       |       |       |       |       |       |   109 ||   109
  Dodge: Dodged            |    49 |    83 |    82 |   203 |   323 |   314 |   490 |   423 |   876 ||  2843
  Block: Buckler           |    27 |    37 |    44 |    97 |   126 |   117 |       |       |       ||   448

Table legend: (Time is in decaauts)
 A = Elapsed time spent in this place.
 B = Non-inter-level travel time spent in this place.
 C = Inter-level travel time spent in this place.
 D = Time resting spent in this place.
 E = Time spent auto-exploring this place.
 F = Levels seen in this place.
 G = Mean time per level.
                   A        B        C        D        E       F      G
               +--------+--------+--------+--------+--------+-----+--------+
         Total |  51727 |  44318 |   7409 |    238 |  24488 |  81 |  638.6 |
       Dungeon |  13511 |  10882 |   2629 |     99 |   7736 |  15 |  900.7 |
        Temple |     18 |     10 |      8 |      0 |      0 |   1 |   18.0 |
          Lair |   6033 |   4994 |   1039 |      2 |   3362 |   5 | 1206.6 |
         Swamp |   2356 |   2126 |    230 |      0 |   1446 |   4 |  589.0 |
     Snake Pit |   2201 |   1739 |    462 |      0 |    753 |   4 |  550.2 |
    Slime Pits |   1960 |   1722 |    238 |      0 |   1192 |   5 |  392.0 |
  Orcish Mines |   1498 |   1249 |    249 |      0 |    770 |   2 |  749.0 |
   Elven Halls |   1560 |   1298 |    262 |      3 |    170 |   3 |  520.0 |
        Vaults |   6523 |   5601 |    922 |      8 |   2646 |   5 | 1304.6 |
         Crypt |   2694 |   2437 |    257 |      9 |   1339 |   3 |  898.0 |
        Depths |   4695 |   3626 |   1069 |      9 |   2320 |   4 | 1173.8 |
           Zot |    748 |    710 |     38 |     27 |      0 |   5 |  149.6 |
         Abyss |    372 |    372 |      0 |      7 |      0 |   2 |  186.0 |
   Pandemonium |   5395 |   5395 |      0 |     74 |   2001 |  18 |  299.7 |
        Bazaar |    218 |    218 |      0 |      0 |     58 |   2 |  109.0 |
        Bailey |    314 |    314 |      0 |      0 |    212 |   1 |  314.0 |
      Ice Cave |    979 |    979 |      0 |      0 |    481 |   1 |  979.0 |
    Desolation |    646 |    646 |      0 |      0 |      0 |   1 |  646.0 |
               +--------+--------+--------+--------+--------+-----+--------+

Top non-repeatable levels by time:
Vaults:1: 1844 daAuts
Depths:1: 1779 daAuts
  Lair:3: 1659 daAuts
Vaults:5: 1535 daAuts
  Lair:1: 1383 daAuts
     D:4: 1324 daAuts
Vaults:2: 1317 daAuts
Depths:2: 1160 daAuts
 Crypt:3: 1154 daAuts
    D:14: 1118 daAuts
  Lair:5: 1069 daAuts
    D:10: 1054 daAuts
     D:2: 1048 daAuts
     D:5: 984 daAuts
   IceCv: 979 daAuts
